 Dungeon Crawl Stone Soup version 0.29-a0-1052-g6990b1bffc (webtiles) character file.

Game seed: 9152231587609934303

949 Newt the Skirmisher (level 8, -5/48 HPs)
             Began as a Kobold Hunter on Aug 17, 2022.
             Was an Initiate of Gozag.
             Engulfed by a cloud of flame (23 damage)
             ... on level 5 of the Dungeon.
             The game lasted 00:08:29 (6894 turns).

Newt the Skirmisher (Kobold Hunter)                 Turns: 6894, Time: 00:08:29

Health: -5/48      AC:  5    Str: 10    XL:     8   Next: 35%
Magic:  0/8        EV: 15    Int: 11    God:    Gozag
Gold:   93         SH:  0    Dex: 18    Spells: 7/7 levels left

rFire   . . .      SeeInvis .   a - +0 shortbow
rCold   . . .      Faith    .   (shield currently unavailable)
rNeg    + . .      Spirit   +   c - +0 leather armour
rPois   .          Reflect  .   (no helmet)
rElec   .          Harm     .   i - +1 cloak
rCorr   .          Rampage  .   (no gloves)
Will    .....                   (no boots)
Stlth   +++.......              g - amulet of guardian spirit
HPRegen 0.16/turn               y - ring of positive energy
MPRegen 0.11/turn               (no ring)

@: gold aura
A: small, no large weapons, nightstalker 3
a: Renounce Religion, Potion Petition, Call Merchant, Bribe Branch


You were on level 5 of the Dungeon.
You worshipped Gozag.
Gozag was noncommittal.
You visited 2 branches of the dungeon, and saw 7 of its levels.

You collected 178 gold pieces.
You spent 26 gold pieces at shops.
You paid 59 gold pieces to Gozag.

Inventory:

Hand Weapons
 a - a +0 shortbow (weapon)
Missiles
 v - 2 atropa-tipped darts
Armour
 c - a +0 leather armour (worn)
 i - a +1 cloak (worn)
 A - an orb of energy
Jewellery
 g - an amulet of guardian spirit (around neck)
 u - an amulet of faith
 y - a ring of positive energy (left hand)
Wands
 j - a wand of digging (2)
 m - a wand of flame (18)
 x - a wand of polymorph (6)
Scrolls
 b - 2 scrolls of immolation
 e - a scroll of teleportation
 h - a scroll of identify
 k - 2 scrolls of brand weapon {unknown}
 o - a scroll of poison {unknown}
 p - a scroll of noise {unknown}
 q - a scroll of amnesia {unknown}
 r - a scroll of vulnerability {unknown}
Potions
 d - a potion of flight
 f - a potion of brilliance
 n - a potion of attraction {unknown}
 s - a potion of curing
 t - a potion of resistance {unknown}
 w - a potion of magic {unknown}
 z - a potion of might {unknown}


   Skills:
 - Level 4.0 Fighting
 + Level 11.5 Ranged Weapons
 - Level 4.0 Dodging
 - Level 3.0 Stealth


You had 7 spell levels left.
You didn't know any spells.
Your spell library contained the following spells:

 Spells                   Type           Power      Damage    Failure   Level
 Shock                    Conj/Air       0%         1d3       43%         1
 Ensorcelled Hibernation  Hex/Ice        0%         N/A       58%         2
 Spider Form              Tmut/Pois      0%         N/A       82%         3
 Swiftness                Air            0%         N/A       82%         3
 Airstrike                Air            0%         2d(0-16)  99%         4
 Anguish                  Hex/Necr       0%         N/A       99%         4


Dungeon Overview and Level Annotations

Branches:
Dungeon (6/15)             Temple (1/1) D:5

Altars:
Ashenzari
Cheibriados
Dithmenos
Elyvilon
Fedhas
Gozag
Hepliaklqana
Kikubaaqudgha
Makhleb
Nemelex Xobeh
Okawaru
Qazlal
Ru
Sif Muna
Trog
Uskayaw
Yredelemnul
Zin
The Shining One

Shops:
D:2 =(*


Innate Abilities, Weirdness & Mutations

You are small and have problems with some larger weapons.
You are completely attuned to the shadows.


Message History

You shoot an arrow. The arrow hits the wight!
The wight is almost destroyed.
You shoot an arrow. The arrow hits the wight!
You destroy the wight!
No target in view!
You now have 93 gold pieces (gained 4).
Things that are here:
a +1 long sword of freezing; a +0 robe A water moccasin is nearby!
You shoot an arrow. The water moccasin hisses angrily.
The arrow hits the water moccasin.
The water moccasin is lightly wounded.
You shoot an arrow. The arrow hits the water moccasin.
The water moccasin is moderately wounded.
The water moccasin completely misses you.
You shoot an arrow. The arrow misses the water moccasin.
The water moccasin barely misses you.
You shoot an arrow.
The arrow closely misses the water moccasin.
The water moccasin barely misses you.
You shoot an arrow.
The arrow barely misses the water moccasin.
The water moccasin bites you. The water moccasin barely misses you.
You shoot an arrow. The arrow hits the water moccasin.
The water moccasin is heavily wounded.
The water moccasin misses you.
You shoot an arrow.
The arrow closely misses the water moccasin.
You are engulfed in blazing flames.
The water moccasin is engulfed in blazing flames.
The water moccasin bites you but does no damage.
The water moccasin attacks as you move away!
The water moccasin closely misses you.
You are engulfed in blazing flames.
The water moccasin is engulfed in blazing flames.
The water moccasin dies!
Your life force feels restored.
You are engulfed in blazing flames.
You die...
Your body crumbles into a pile of gold.

#..# #######.#.......#
###'######.....#.#.#######
#.....#............#
#.###.#..#.###.#.#.#
'.'>#.'..#.# #.#.#.#
#.###.##.#.# #.#.#..
#.....#..#.###.#.####
###'###......#.#○####..
###.............@☼§☼○..
.####.........####§####
..............# #§#
.###.###....(.# #§#
..##..........# ### #°.
..##########°° °°# ..# ..#
#.# ..######## #.# #.#
.........# #.# #. #.#


There were no monsters in sight!

Vanquished Creatures
  Sigmund (D:5)
  An ogre (D:5)
  Blork the orc (D:5)
  A scorpion (D:5)
  A necrophage (D:4)
  A wight (D:5)
  2 hounds
  A jelly (D:5)
  An orc priest (D:5)
  Terence (D:3)
  2 iguanas
  Ijyb (D:3)
  Natasha (D:3)
  Robin (D:1)
  2 gnolls
  6 adders
  A worm (D:2)
  2 dart slugs
  6 orcs
  7 endoplasms
  2 giant cockroaches
  14 goblins
  11 hobgoblins
  2 kobolds (D:2)
  7 quokkas
  5 ball pythons
  4 bats
  2 frilled lizards
  6 rats
93 creatures vanquished.

Vanquished Creatures (others)
  A water moccasin (D:5)
1 creature vanquished.

Grand Total: 94 creatures vanquished

Notes
Turn   | Place    | Note
-------+----------+-------------------------------------------
     0 | D:1      | Newt the Kobold Hunter began the quest for the Orb.
     0 | D:1      | Reached XP level 1. HP: 12/12 MP: 1/1
   367 | D:1      | Reached XP level 2. HP: 17/17 MP: 2/2
   715 | D:1      | Reached XP level 3. HP: 21/21 MP: 3/3
   975 | D:2      | Reached skill level 6 in Ranged Weapons
   994 | D:2      | Noticed Robin
  1532 | D:2      | Reached XP level 4. HP: 26/26 MP: 4/4
  1698 | D:2      | Found Simir's General Store.
  1703 | D:2      | Bought a scroll of identify for 26 gold pieces
  1783 | D:2      | Found Vayfur's Weapon Boutique.
  2272 | D:1      | Killed Robin
  2273 | D:1      | Reached skill level 7 in Ranged Weapons
  2758 | D:2      | Found Hyto's Jewellery Shoppe.
  2909 | D:2      | Reached XP level 5. HP: 30/30 MP: 5/5
  3186 | D:3      | Noticed Ijyb
  3189 | D:3      | Killed Ijyb
  3190 | D:3      | Reached skill level 8 in Ranged Weapons
  3416 | D:3      | Noticed Terence
  3430 | D:3      | Killed Terence
  3583 | D:3      | Noticed Natasha
  3586 | D:3      | Killed Natasha
  3587 | D:3      | Reached XP level 6. HP: 35/35 MP: 6/6
  3636 | D:3      | Found a faded altar of an unknown god.
  4715 | D:4      | Found a glowing golden altar of the Shining One.
  4971 | D:4      | Found a glowing silver altar of Zin.
  5019 | D:5      | Entered Level 5 of the Dungeon
  5306 | D:5      | Reached XP level 7. HP: 43/43 MP: 7/7
  5395 | D:5      | Noticed Blork the orc
  5402 | D:5      | Killed Blork the orc
  5561 | D:5      | Reached skill level 9 in Ranged Weapons
  6054 | D:5      | Found a staircase to the Ecumenical Temple.
  6066 | D:5      | Noticed Sigmund
  6072 | D:5      | Killed Sigmund
  6073 | D:5      | Reached skill level 10 in Ranged Weapons
  6073 | D:5      | Reached XP level 8. HP: 39/48 MP: 6/8
  6109 | D:5      | Reached skill level 11 in Ranged Weapons
  6132 | Temple   | Entered the Ecumenical Temple
  6333 | Temple   | Became a worshipper of Gozag Ym Sagoz the Greedy
  6894 | D:5      | Engulfed by a cloud of flame

Illustrated notes

Levels and vault maps discovered:
D:1:      psy_arrival_heroes, layout_basic, minmay_stone_trees_medium,
          minmay_tetromino_o2
D:2:      layout_loops_ring, serial_shops, shop, nicolae_diamond_shop,
          nicolae_shop_waterfront, kennysheep_generic_room_9, uniq_robin
D:3:      layout_rooms, hellmonk_ecumenical_altar_leap_of_faith, serial_rivers,
          chequers_serial_rivers_room_b, chequers_serial_rivers_large_a,
          chequers_serial_rivers_small_b, chequers_serial_rivers_marsh,
          uniq_terence, uniq_ijyb, uniq_natasha
D:4:      layout_loops_ring, overflow_temple_1_default,
          nicolae_overflow_hidden_temple, dk_noncrumbling_2
D:5:      layout_basic, minmay_temple_entry_glassed_door, lemuel_flamethrower_2,
          uniq_blork_the_orc, uniq_prince_ribbit1, uniq_sigmund
D:6:      layout_cave_pods
Temple:   minmay_crystal_spiral_temple

Skill      XL: |  1  2  3  4  5  6  7  8 |
---------------+-------------------------+-----
Stealth        | 3 |  3.0
Ranged Weapons | 6 7 8 10 11 | 11.5
Dodging        | 3 4 |  4.0
Fighting       | 4 |  4.0

Action                   |  1- 3 |  4- 6 |  7- 9 || total
-------------------------+-------+-------+-------++-------
Melee: Unarmed           |       |       |     2 ||     2
 Fire: Shortbow          |    83 |   191 |    67 ||   341
Evoke: Wand              |       |       |     2 ||     2
  Use: Scroll            |     1 |     2 |     1 ||     4
       Potion            |     1 |     1 |     3 ||     5
 Stab: Confused          |       |       |     1 ||     1
Armor: Leather armour    |     7 |    18 |     2 ||    27
Dodge: Dodged            |    19 |   100 |    47 ||   166

Table legend: (Time is in decaauts)
 A = Elapsed time spent in this place.
 B = Non-inter-level travel time spent in this place.
 C = Inter-level travel time spent in this place.
 D = Time resting spent in this place.
 E = Time spent auto-exploring this place.
 F = Levels seen in this place.
 G = Mean time per level.
                   A        B        C        D        E       F      G
               +--------+--------+--------+--------+--------+-----+--------+
         Total |   6963 |   6655 |    308 |   2049 |   3853 |   7 |  994.7 |
       Dungeon |   6702 |   6453 |    249 |   2049 |   3677 |   6 | 1117.0 |
        Temple |    260 |    201 |     59 |      0 |    176 |   1 |  260.0 |
               +--------+--------+--------+--------+--------+-----+--------+

Top non-repeatable levels by time:
     D:1: 1765 daAuts
     D:5: 1401 daAuts
     D:4: 1399 daAuts
     D:2: 1384 daAuts
     D:3: 745 daAuts
  Temple: 260 daAuts
     D:6: 6 daAuts
